 Dungeon Crawl Stone Soup version 0.27.1-33-g824d729ab1 (webtiles) character file.

Game seed: 16715356483101285172

8551 jlumianski the Cleaver (level 11, 0/59 HPs)
             Began as a Gargoyle Monk on Dec 13, 2021.
             Was the Champion of Hepliaklqana.
             Slain by Snorg (3 damage)
             ... on level 11 of the Dungeon.
             The game lasted 00:42:48 (10709 turns).

jlumianski the Cleaver (Gargoyle Monk)             Turns: 10709, Time: 00:42:48

Health: 0/59       AC: 20    Str: 17    XL:     11   Next: 32%
Magic:  20/20      EV: 13    Int: 12    God:    Hepliaklqana [******]
Gold:   286        SH:  4    Dex: 12    Spells: 9/10 levels left

rFire    . . .     SeeInvis .   L - +2 war axe (flame)
rCold    + . .     Faith    .   c - +0 buckler
rNeg     + . .     Spirit   .   K - +3 leather armour {Will+}
rPois    ∞         Reflect  .   n - +0 helmet
rElec    +         Harm     .   s - +0 cloak
rCorr    .         Rampage  .   k - +1 pair of gloves
Will     +....                  (no boots)
Stlth    +++.......             d - amulet of regeneration
HPRegen  1.19/turn              F - ring of magical power
MPRegen  0.17/turn              b - ring of protection from cold

@: no status effects
A: reduced essence, sickness immunity, AC +8, negative energy resistance 1,
electricity resistance, torment resistance 1, petrification resistance
a: Renounce Religion, Recall Ancestor, Ancestor Identity, Transference, Idealise


You were on level 11 of the Dungeon.
You worshipped Hepliaklqana.
Hepliaklqana was exalted by your worship.
You visited 1 branch of the dungeon, and saw 11 of its levels.

You collected 559 gold pieces.
You spent 273 gold pieces at shops.

Inventory:

Hand Weapons
 a - a +0 hand crossbow
 L - a +2 war axe of flaming (weapon)
Missiles
 f - 57 poisoned darts (quivered)
 g - 53 bolts
 i - 13 boomerangs
 D - 4 throwing nets
Armour
 c - a +0 buckler (worn)
 k - a +1 pair of gloves (worn)
 n - a +0 helmet (worn)
 s - a +0 cloak (worn)
 K - a +3 leather armour of willpower (worn)
Jewellery
 b - a ring of protection from cold (right hand)
 d - an amulet of regeneration (around neck)
 j - a ring of magical power
 F - a ring of magical power (left hand)
Wands
 o - a wand of flame (21)
Scrolls
 e - 3 scrolls of identify
 l - a scroll of amnesia
 x - 4 scrolls of magic mapping
 C - 2 scrolls of fear
Potions
 h - 3 potions of brilliance
 m - a potion of cancellation {unknown}
 p - 3 potions of invisibility
 r - a potion of magic
 w - 3 potions of curing
 A - a potion of attraction
 G - a potion of resistance
 J - a potion of mutation {unknown}


   Skills:
 + Level 6.7 Fighting
 + Level 9.3 Axes
 + Level 2.8 Throwing
 + Level 7.9 Armour
 + Level 5.1 Dodging
 + Level 5.8 Stealth
 + Level 3.7 Shields
 + Level 0.4 Spellcasting
 * Level 7.3 Conjurations
 + Level 0.4 Fire Magic
 + Level 0.4 Evocations


You had 9 spell levels left.
You knew the following spells:

 Your Spells              Type           Power      Damage    Failure   Level
a - Foxfire               Conj/Fire      36%        2x1d5     8%          1

Your spell library contained the following spells:

 Spells                   Type           Power      Damage    Failure   Level
 Conjure Flame            Conj/Fire      9%         6-21      22%         3
 Freeze                   Ice            0%         1d3       36%         1
 Ensorcelled Hibernation  Hex/Ice        0%         N/A       50%         2
 Hailstorm                Conj/Ice       9%         3d4       63%         4
 Inner Flame              Hex/Fire       0%         N/A       71%         3
 Call Canine Familiar     Summ           0%         N/A       75%         3
 Frozen Ramparts          Ice            0%         1d2       75%         3
 Portal Projectile        Hex/Tloc       0%         N/A       75%         3
 Spider Form              Tmut/Pois      0%         N/A       75%         3
 Irradiate                Conj/Tmut      4%         3d15      93%         5
 Leda's Liquefaction      Hex/Erth       0%         N/A       98%         4
 Petrify                  Tmut/Erth      0%         N/A       98%         4
 Summon Forest            Summ/Tloc      0%         N/A       100%        5
 Eringya's Noxious Bog    Tmut/Pois      0%         N/A       100%        6
 Shadow Creatures         Summ           N/A        N/A       100%        6
 Summon Hydra             Summ           0%         N/A       100%        7
 Sublimation of Blood     Necr           Unusable   N/A       N/A         2

Dungeon Overview and Level Annotations

Branches:
Dungeon (11/15)            Temple (0/1) D:7            Lair (0/6) D:9
    Orc: D:9-12

Altars:
Dithmenos
Hepliaklqana
Kikubaaqudgha
Nemelex Xobeh
Okawaru
Qazlal
Ru
Uskayaw

Shops:
D:2 (   D:5 [

Annotations:
D:11 Snorg


Innate Abilities, Weirdness & Mutations

Your life essence is reduced to manifest your ancestor. (-10% HP)
You are immune to sickness and miasma.
Your stone body is resilient. (AC +8)
You are immune to poison.
You resist negative energy. (rN+)
You are resistant to electric shocks. (rElec)
You are resistant to unholy torment.
You are immune to petrification.


Message History

Snorg is lightly wounded.
Aiming: Throw Flame
Press: ? - help, Shift-Dir - straight line, f/p - Snorg
Aim: Snorg (lightly wounded, very poisoned, ally target, 68% to hit)
The puff of flame hits Snorg!
Snorg is moderately wounded.
Dunstan casts a spell at Snorg.
The puff of frost hits Snorg!
You slash Snorg! You burn Snorg.
Snorg is heavily wounded.
Dunstan casts a spell at Snorg.
The puff of frost hits Snorg.
Dunstan misses Snorg.
Snorg goes berserk!
You slash Snorg! You burn Snorg.
Snorg is severely wounded.
You block Snorg's attack. x2; Snorg closely misses you.
Dunstan hits Snorg with a +0 quarterstaff!!
You hit Snorg but do no damage.
Snorg is severely wounded.
Snorg bites you!! Snorg claws you but does no damage. Snorg claws you!
Dunstan casts a spell at Snorg.
The puff of frost hits Snorg!
Snorg completely misses Dunstan.
Snorg closely misses Dunstan.
Snorg claws Dunstan!
You hit Snorg. You burn Snorg.
Snorg is almost dead.
Snorg bites you! You block Snorg's attack. Snorg closely misses you.
Dunstan barely misses Snorg.
You hit Snorg. You burn Snorg.
Snorg is almost dead.
Snorg closely misses you. You block Snorg's attack.
Snorg claws you but does no damage.
Dunstan hits Snorg with a +0 quarterstaff!!
Snorg bites you but does no damage. Snorg claws you but does no damage.
Snorg claws you.
* * * LOW HITPOINT WARNING * * *
Okay, then.
Snorg bites you!
* * * LOW HITPOINT WARNING * * *
Snorg claws you.
You die...

.((.....#######....######.
..(.....# #...........
........# #...........
........# #...........
#..(..#######...........
#.......................
#.....R...(############.
#.....T....# #.
#......@...# #.
.............# #.
...........### #.
...........# #.
.#####.....# #. #.....# #.
#.....# #. #...### #. #.


You could see the friendly Dunstan the battlemage and Snorg (berserk, very
poisoned, ally target).

Vanquished Creatures
  2 skeletal warriors (D:11)
  A manticore (D:11)
  Prince Ribbit (D:8)
  A wraith (D:11)
  An orc warrior (D:9)
  A centaur (D:10)
  An ogre (D:5)
  A kobold brigand (D:9)
  2 bullfrogs (D:7)
  3 scorpions
  5 wights
  A bullfrog zombie (D:5)
  2 orc priests
  A gnoll shaman (D:9)
  5 orc wizards
  A killer bee zombie (D:6)
  10 gnolls
  An ufetubus (D:6)
  An adder zombie (D:5)
  11 orcs
  4 ball pythons
  A bat (D:2)
  3 endoplasms
  2 giant cockroaches
  3 goblins
  3 hobgoblins (D:1)
  4 frilled lizards
  12 kobolds
  A rat (D:2)
85 creatures vanquished.

Vanquished Creatures (collateral kills)
  Harold (D:6)
  A two-headed ogre (D:10)
  Psyche (D:8)
  2 trolls
  A hornet (D:10)
  Grinder (D:6)
  An acid dragon (D:11)
  2 water moccasins
  Duvessa (D:7)
  4 orc warriors
  A sky beast (D:6)
  3 ice beasts
  A necrophage (D:6)
  3 centaurs (D:9)
  3 bullfrogs
  2 gnoll sergeants
  Dowan (D:7)
  2 scorpions (D:6)
  A water moccasin zombie (D:5)
  A water moccasin skeleton (D:5)
  3 wights (D:8)
  A centaur zombie (D:7)
  4 hounds
  3 bullfrog zombies
  An orc priest (D:8)
  A bullfrog skeleton (D:6)
  3 centaur skeletons
  2 gnoll shamans
  A jelly (D:6)
  5 orc wizards
  15 gnolls
  4 adders
  2 white imps (D:6)
  5 worms
  2 dart slugs
  19 orcs
  4 endoplasms
  A giant cockroach (D:3)
  4 goblins
  3 hobgoblins
  5 kobolds
  A quokka (D:1)
  2 ball pythons
  3 bats (D:3)
  4 rats
131 creatures vanquished.

Vanquished Creatures (others)
  4 battlemagi
  An ancestor (D:1)
  2 foxfires (D:9)
7 creatures vanquished.

Grand Total: 223 creatures vanquished

Notes
Turn   | Place    | Note
-------+----------+-------------------------------------------
     0 | D:1      | jlumianski the Gargoyle Monk began the quest for the Orb.
     0 | D:1      | Reached XP level 1. HP: 14/14 MP: 1/1
    23 | D:1      | Found a faded altar of an unknown god.
    92 | D:1      | Became a worshipper of Hepliaklqana the Forgotten
    92 | D:1      | Reached * piety under Hepliaklqana
    92 | D:1      | Reached ** piety under Hepliaklqana
   156 | D:1      | Reached skill level 3 in Axes
   156 | D:1      | Reached XP level 2. HP: 17/17 MP: 2/2
   661 | D:1      | Reached *** piety under Hepliaklqana
   662 | D:1      | Remembered your ancestor Dunstan as a battlemage
   708 | D:1      | Reached XP level 3. HP: 17/20 MP: 3/3
  1345 | D:2      | Found Archou's Weapon Emporium.
  1361 | D:2      | Reached XP level 4. HP: 25/25 MP: 4/4
  2156 | D:3      | Found a sparkling altar of Nemelex Xobeh.
  2298 | D:3      | Reached XP level 5. HP: 16/29 MP: 5/5
  2648 | D:2      | Bought a +0 war axe for 45 gold pieces
  2648 | D:2      | Bought 8 poisoned darts for 41 gold pieces
  2859 | D:3      | Reached **** piety under Hepliaklqana
  2935 | D:4      | Reached skill level 4 in Axes
  2935 | D:4      | Reached skill level 1 in Armour
  2935 | D:4      | Reached XP level 6. HP: 22/34 MP: 6/6
  3581 | D:5      | Entered Level 5 of the Dungeon
  3591 | D:5      | Noticed an ice beast
  3598 | D:5      | Killed an ice beast
  3599 | D:5      | Reached XP level 7. HP: 38/38 MP: 7/7
  3647 | D:5      | Reached skill level 1 in Throwing
  3647 | D:5      | Reached skill level 1 in Shields
  3881 | D:5      | Reached skill level 5 in Axes
  3901 | D:5      | Learned a level 1 spell: Foxfire
  4263 | D:5      | Reached skill level 1 in Conjurations
  4263 | D:5      | Reached XP level 8. HP: 43/43 MP: 8/8
  4998 | D:5      | Found Wohuqe Teyc's Antique Armour Boutique.
  5010 | D:5      | Reached skill level 6 in Axes
  5010 | D:5      | Reached skill level 5 in Armour
  5011 | D:5      | Bought a runed chain mail for 187 gold pieces
  5217 | D:6      | Noticed Grinder
  5224 | D:6      | Paralysed by Grinder for 5 turns
  5235 | D:6      | Killed Grinder
  5354 | D:6      | Reached XP level 9. HP: 14/46 MP: 9/9
  5577 | D:7      | Noticed Harold
  5577 | D:7      | Noticed Duvessa
  5577 | D:7      | Noticed Dowan
  5586 | D:6      | Killed Harold
  5587 | D:6      | Reached skill level 5 in Fighting
  5587 | D:6      | Reached skill level 7 in Axes
  5587 | D:6      | Reached skill level 5 in Stealth
  5987 | D:6      | Reached ***** piety under Hepliaklqana
  6006 | D:6      | Found a sacrificial altar of Ru.
  6006 | D:6      | Found an ancient bone altar of Kikubaaqudgha.
  6006 | D:6      | Found an iron altar of Okawaru.
  6228 | D:7      | Killed Duvessa
  6233 | D:7      | Killed Dowan
  6303 | D:7      | Found a staircase to the Ecumenical Temple.
  6625 | D:7      | Reached XP level 10. HP: 30/53 MP: 10/10
  6628 | D:7      | Reached skill level 5 in Conjurations
  7541 | D:8      | Found a hide-covered altar of Uskayaw.
  7567 | D:8      | Reached skill level 8 in Axes
  7762 | D:8      | Noticed Prince Ribbit
  7769 | D:8      | Found a shadowy altar of Dithmenos.
  8272 | D:8      | Killed Prince Ribbit
  8329 | D:8      | Noticed Psyche
  8337 | D:8      | Killed Psyche
  8601 | D:9      | Found a stormy altar of Qazlal.
  8768 | D:9      | Found a staircase to the Lair.
  9287 | D:10     | Entered Level 10 of the Dungeon
  9465 | D:10     | Noticed a two-headed ogre
  9474 | D:10     | Killed a two-headed ogre
  9872 | D:10     | Reached skill level 5 in Dodging
  9872 | D:10     | Reached XP level 11. HP: 47/58 MP: 11/11
 10229 | D:11     | Reached ****** piety under Hepliaklqana
 10283 | D:11     | Noticed a skeletal warrior
 10293 | D:11     | Killed a skeletal warrior
 10294 | D:11     | Reached skill level 9 in Axes
 10309 | D:11     | Noticed a skeletal warrior
 10310 | D:11     | Noticed a skeletal warrior
 10541 | D:11     | Killed a skeletal warrior
 10619 | D:11     | Noticed a manticore
 10628 | D:11     | Killed a manticore
 10694 | D:11     | Noticed Snorg
 10709 | D:11     | Slain by Snorg

Illustrated notes

Levels and vault maps discovered:
D:1:      psy_arrival_conway, layout_loops_cross,
          chequers_ecumenical_altar_island
D:2:      layout_loops_cross, serial_shops, nicolae_diamond_shop
D:3:      layout_loops_ring, nemelex_spade_bored_becter
D:4:      layout_rooms
D:5:      layout_basic, serial_shops, nicolae_shop_trees
D:6:      layout_basic, gammafunk_temple_overflow_claw, uniq_grinder
D:7:      layout_cave_pods, minmay_temple_entry_mist, uniq_harold, uniq_duvessa
D:8:      layout_rooms, nicolae_dithmenos_the_darkroom,
          mainiacjoe_overflow_small_starburst, kennysheep_generic_room_5,
          uniq_psyche, uniq_prince_ribbit1
D:9:      layout_cave_pools, old_standard_altar, lair_entry_dummy,
          hangedman_abyss_or_decor_clamps, fungi_pond_lemuel
D:10:     layout_basic
D:11:     layout_irregular_city, minivault_19, uniq_snorg

Skill      XL: |  1  2  3  4  5  6  7  8  9 10 11 |
---------------+----------------------------------+-----
Axes           | 3 4 5 6 7 8 9 |  9.3
Dodging        | 3 4 5 |  5.1
Stealth        | 3 4 5 |  5.8
Armour         | 1 2 3 5 7 |  7.9
Fighting       | 4 5 6 |  6.7
Throwing       | 1 2 |  2.8
Shields        | 1 2 3 |  3.7
Conjurations   | 1 3 4 6 7 |  7.3
Spellcasting   | |  0.4
Fire Magic     | |  0.4
Evocations     | |  0.4

Action                   |  1- 3 |  4- 6 |  7- 9 | 10-12 || total
-------------------------+-------+-------+-------+-------++-------
Melee: Hand axe          |    81 |    30 |       |       ||   111
       War axe           |       |    20 |   132 |   120 ||   272
Throw: Dart              |     2 |    12 |     2 |    15 ||    31
       Boomerang         |       |       |       |     9 ||     9
 Cast: Foxfire           |       |       |       |     1 ||     1
Invok: Ancestor Life: Ba |     1 |       |       |       ||     1
       Recall Ancestor   |       |       |     1 |     1 ||     2
Evoke: Wand              |       |       |       |     8 ||     8
  Use: Scroll            |       |     8 |     4 |     4 ||    16
       Potion            |       |       |       |     3 ||     3
 Stab: Sleeping          |     2 |     1 |     3 |     3 ||     9
       Distracted        |       |     3 |     2 |     1 ||     6
Armor: Robe              |    21 |       |       |       ||    21
       Ring mail         |     6 |    23 |    42 |       ||    71
       Chain mail        |       |       |    39 |       ||    39
       Leather armour    |       |       |     6 |    69 ||    75
Dodge: Dodged            |    56 |    23 |   102 |    93 ||   274
Block: Buckler           |     1 |     4 |    33 |    35 ||    73
